 Dungeon Crawl Stone Soup version 0.29.1-13-g9f3cf754e1 (webtiles) character file.

Game seed: 7938476162779843476

60 Roshnak the Sneak (level 3, -2/29 HPs)
             Began as a Demonspawn Delver on Feb 2, 2023.
             Was an Initiate of Ru.
             Slain by a gnoll
             ... wielding a +0 flail of holy wrath
              (6 damage)
             ... on level 2 of the Dungeon.
             The game lasted 00:04:30 (1153 turns).

Roshnak the Sneak (Demonspawn Delver)               Turns: 1153, Time: 00:04:30

Health: -2/29      AC:  7    Str: 12    XL:     3   Next: 80%
Magic:  3/3        EV:  9    Int: 11    God:    Ru [......]
Gold:   26         SH:  0    Dex: 16    Spells: 2/2 levels left

rFire   . . .      SeeInvis .   m - +2 dagger (protect)
rCold   . . .      Faith    .   (no shield)
rNeg    . . .      Spirit   .   n - +0 scale mail
rPois   .          Reflect  .   l - +0 helmet
rElec   .          Harm     .   (no cloak)
rCorr   .          Rampage  .   (no gloves)
Will    .....                   (no boots)
Stlth   ++........              (no amulet)
HPRegen 0.09/turn               (no ring)
MPRegen 0.08/turn               (no ring)

@: no status effects
A: foul stench 1
a: Renounce Religion


You were on level 2 of the Dungeon.
You worshipped Ru.
Ru was noncommittal.
You visited 1 branch of the dungeon, and saw 4 of its levels.

You collected 26 gold pieces.

Inventory:

Hand Weapons
 a - a +0 short sword
 j - a +1 short sword of flaming
 m - a +2 dagger of protection (weapon)
 o - a +0 dagger of venom
Armour
 l - a +0 helmet (worn)
 n - a +0 scale mail (worn)
Wands
 g - a wand of digging (3)
Scrolls
 c - a scroll of fog
 d - a scroll of magic mapping
 e - 2 scrolls of poison {unknown}
 h - a scroll of identify {unknown}
 i - a scroll of immolation {unknown}
Potions
 b - a potion of flight {unknown}
 f - a potion of haste
 k - a potion of brilliance {unknown}


   Skills:
 - Level 3.0 Fighting
 + Level 3.3 Short Blades
 - Level 1.7 Dodging
 - Level 4.9 Stealth


You had 2 spell levels left.
You didn't know any spells.
Your spell library was empty.

Dungeon Overview and Level Annotations

Branches:
Dungeon (5/15)
 Temple: D:4-7

Altars:
Nemelex Xobeh
Ru

Shops:
D:2 =


Innate Abilities, Weirdness & Mutations

You may rarely emit foul miasma when damaged in melee.


Message History

You hit the bat.
You kill the bat!
No target in view!
You see here a +0 dagger of venom.
o - a +0 dagger of venom The gnoll shouts!
You hear a shout! x2
The gnoll hits you with a +0 whip.
You emit a cloud of foul miasma!
You hear a shout!
You barely miss the gnoll.
The gnoll is engulfed in dark miasma.
The gnoll is poisoned.
The gnoll hits you but does no damage.
You hit the gnoll but do no damage.
Your weapon exudes an aura of protection.
The gnoll is lightly wounded.
You hit the gnoll.
The gnoll is heavily wounded.
The gnoll is engulfed in dark miasma.
The gnoll looks even sicker.
The gnoll seems to slow down.
You kill the gnoll!
No target in view!
You hit the gnoll.
The gnoll is lightly wounded.
The gnoll hits you but does no damage.
You barely miss the gnoll.
The gnoll is lightly wounded.
The gnoll hits you from afar with a +0 halberd.
The gnoll hits you with a +0 flail of holy wrath!
You convulse.
* * * LOW HITPOINT WARNING * * *
The gnoll attacks as you move away! The gnoll barely misses you.
Okay, then.
The gnoll attacks as you move away!
The gnoll hits you with a +0 flail of holy wrath.
* * * LOW HITPOINT WARNING * * *
You convulse.
* * * LOW HITPOINT WARNING * * *
You emit a cloud of foul miasma!
The gnoll is engulfed in dark miasma.
The gnoll is poisoned.
The gnoll attacks as you move away!
The gnoll hits you with a +0 flail of holy wrath.
You die...

..).# .## #...# #(.. #####
..# #...# ##.> ########.####
#...###### #.. )†)).#......#
#...##... ###
####.#.#.##.####...##.#####
####.#.#..................#.#
..##.#.#................<....
#.##.#...)...................
#.##.#g#r##.####@..##.#...#.#
.....#......# #.g...........#
#.####g#.######......###.##.#
.ggr.g...# ##....~.#.#.#.##.#
########## #....g†..........
# #.#.~☼r.#.#..... ##
###.#.~.....#..### .##
......)...###..# #.#
####.#...........


You could see 2 gnolls and a rat.

Vanquished Creatures
  Robin (D:2)
  A gnoll (D:2)
  An adder (D:2)
  A dart slug (D:4)
  2 bats (D:2)
  An endoplasm (D:2)
  8 goblins (D:2)
  3 hobgoblins (D:2)
  3 jackals (D:2)
  2 kobolds (D:2)
  2 quokkas (D:2)
  A frilled lizard (D:2)
26 creatures vanquished.

Notes
Turn   | Place    | Note
-------+----------+-------------------------------------------
     0 | D:5      | Roshnak the Demonspawn Delver began the quest for the Orb.
     0 | D:5      | Reached XP level 1. HP: 18/18 MP: 1/1
    10 | D:5      | Found a sacrificial altar of Ru.
    18 | D:5      | Became a worshipper of Ru the Awakened
    70 | D:4      | Found a sparkling altar of Nemelex Xobeh.
    70 | D:4      | Noticed an iguana
    82 | D:3      | Noticed a scorpion
   154 | D:2      | Gained mutation: You may rarely emit foul miasma when
                  | damaged in melee. [demonic ancestry]
   154 | D:2      | Reached XP level 2. HP: 16/24 MP: 2/2
   259 | D:2      | Found Qixt's Jewellery Emporium.
   505 | D:2      | Noticed Robin
   539 | D:2      | Killed Robin
   562 | D:2      | Reached XP level 3. HP: 8/29 MP: 3/3
  1153 | D:2      | Slain by a gnoll

Illustrated notes

Levels and vault maps discovered:
D:2:      layout_loops_cross, serial_shops, shop,
          chequers_serial_rivers_micro_c, grunt_ministairs_12, uniq_robin
D:3:      minmay_recursive_quarters, layout_basic, grunt_ashenzari_visionary
          [grunt_ashenzari_visionary_swamp, grunt_ashenzari_visionary_spider],
          uniq_grinder
D:4:      layout_loops_ring, grunt_temple_overflow_open,
          mainiacjoe_overflow_chevrons
D:5:      kennysheep_big_flooded_room, layout_loops_ring,
          cheibrodos_worm_habitat, nicolae_ru_path_of_blood, lightli_minifort,
          uniq_blork_the_orc, uniq_edmund

Skill      XL: |  1  2  3 |
---------------+----------+-----
Short Blades   | 2 3 |  3.3
Fighting       | |  3.0
Dodging        | |  1.7
Stealth        | |  4.9

Action                   || total
-------------------------++-------
Melee: Short sword       ||    44
       Punch             ||     2
       Dagger            ||    42
  Use: Scroll            ||     1
       Potion            ||     1
 Stab: Sleeping          ||     2
Armor: Leather armour    ||    33
       Scale mail        ||     9
Dodge: Dodged            ||    58
